 Dungeon Crawl Stone Soup version 0.31-a0-234-gad7ace16ef (webtiles) character file.

Game seed: 6257288015418460679

191 Harunobu the Cudgeller (level 5, -2/32 HPs)
             Began as a Gargoyle Gladiator on July 10, 2023.
             Was an Initiate of Okawaru.
             Slain by an ogre
             ... wielding a +0 giant spiked club
              (22 damage)
             ... on level 4 of the Dungeon.
             The game lasted 00:05:06 (3416 turns).

Harunobu the Cudgeller (Gargoyle Gladiator)         Turns: 3416, Time: 00:05:07

Health: -2/32      AC: 11    Str: 19    XL:     5   Next: 70%
Magic:  5/5        EV: 10    Int:  9    God:    Okawaru [......]
Gold:   164        SH:  0    Dex: 11    Spells: 4/4 levels left

rFire   . . .        h - +0 whip (freeze)
rCold   . . .        (no shield)
rNeg    + . .        q - +0 scale mail
rPois   ∞            c - +0 helmet
rElec   +            (no cloak)
rCorr   .            (no gloves)
SInv    .            (no boots)
Will    .....        (no amulet) Stlth
                     (no ring)
HPRegen 0.25/turn    (no ring)
MPRegen 0.09/turn

%: no passive effects
@: no status effects
A: sickness immunity, AC +4, negative energy resistance 1, electricity
resistance, torment resistance 1, petrification resistance
a: Renounce Religion


You were on level 4 of the Dungeon.
You worshipped Okawaru.
Okawaru was noncommittal.
You visited 2 branches of the dungeon, and saw 6 of its levels.

You collected 164 gold pieces.

Inventory:

Hand Weapons
 a - a +0 flail
 h - a +0 whip of freezing (weapon)
Missiles
 d - 3 throwing nets (quivered)
 e - a javelin
Armour
 c - a +0 helmet (worn)
 q - a +0 scale mail (worn)
Jewellery
 b - a ring of positive energy
 w - an amulet of regeneration
Scrolls
 f - 5 scrolls of teleportation {unknown}
 i - 7 scrolls of identify {unknown}
 m - a scroll of revelation {unknown}
 n - 2 scrolls of enchant weapon {unknown}
 o - a scroll of amnesia {unknown}
 r - a scroll of immolation {unknown}
 t - a scroll of brand weapon {unknown}
Potions
 g - a potion of degeneration {unknown}
 j - a potion of resistance {unknown}
 k - a potion of brilliance {unknown}
 l - a potion of might {unknown}
 p - 2 potions of enlightenment {unknown}
 s - 5 potions of curing {unknown}
 u - a potion of attraction {unknown}
 v - a potion of magic {unknown}
 x - a potion of heal wounds {unknown}
 z - a potion of lignification {unknown}


   Skills:
 + Level 3.6 Fighting
 + Level 4.0 Maces & Flails
 + Level 2.9 Throwing
 + Level 3.3 Dodging


You had 4 spell levels left.
You didn't know any spells.
Your spell library contained the following spells:

 Spells                   Type           Power      Damage    Failure   Level
 Magic Dart               Conj           0%         1d3       78%         1
 Searing Ray              Conj           0%         2d4       89%         2
 Fulminant Prism          Conj/Hex       0%         3d5       100%        4


Dungeon Overview and Level Annotations

Branches:
Dungeon (5/15)             Temple (1/1) D:4

Altars:
Ashenzari
Dithmenos
Elyvilon
Fedhas
Hepliaklqana
Nemelex Xobeh
Okawaru
Qazlal
Sif Muna
Uskayaw
Xom
Yredelemnul
The Shining One


Innate Abilities, Weirdness & Mutations

You are immune to sickness and miasma.
Your stone body is resilient. (AC +4)
You are immune to poison.
You resist negative energy. (rN+)
You are resistant to electric shocks. (rElec)
You are resistant to unholy torment.
You are immune to petrification.


Message History

You see here a scroll labelled KIPIAL ZYNAT.
The hobgoblin hits you but does no damage.
You closely miss the hobgoblin. The hobgoblin hits you.
You barely miss the hobgoblin.
The hobgoblin hits you but does no damage.
You whack the hobgoblin! You freeze the hobgoblin.
You kill the hobgoblin!
Okawaru accepts your kill.
You see here a hobgoblin corpse.
You start resting.
HP restored.
f - 5 scrolls labelled KIPIAL ZYNAT (gained 1)
Found a stone staircase leading up.
z - a green potion As you open the gate, it creaks loudly!
There is an open gate here.
You open the door.
An ogre comes into view. It is wielding a +0 giant spiked club.
The ogre closely misses you.
There is an open door here.
You hit the ogre. You freeze the ogre.
The ogre is moderately wounded.
You hit the ogre but do no damage.
The ogre is moderately wounded.
The ogre hits you with a +0 giant spiked club.
You hit the ogre. You freeze the ogre.
The ogre is heavily wounded.
The ogre barely misses you.
You hit the ogre. You freeze the ogre.
The ogre is almost dead.
You hit the ogre but do no damage.
The ogre is almost dead.
The ogre hits you with a +0 giant spiked club!
You barely miss the ogre.
The ogre is almost dead.
You barely miss the ogre.
The ogre is almost dead.
The ogre hits you with a +0 giant spiked club!!
Ouch! That really hurt!
You die...

#.#
#......#.##.#
..#
##.#.##..##.#
### #.#.#
..##.# #.###
####.# #.#
#.#####.# #♣
#.......#♣#.
######.##♣O♣
#.###@#
#.....#
#######


You could see an ogre.

Vanquished Creatures
  A vampire bat (D:3)
  A jelly (D:4)
  An iguana (D:4)
  3 adders
  A shadow imp (D:3)
  A worm (D:4)
  A dart slug (D:1)
  An orc (D:5)
  4 bats
  6 endoplasms
  2 giant cockroaches (D:1)
  3 goblins
  5 hobgoblins
  4 jackals
  5 kobolds
  3 quokkas (D:1)
  8 ball pythons
  4 frilled lizards
  6 rats
60 creatures vanquished.

Notes
Turn   | Place    | Note
-------+----------+-------------------------------------------
     0 | D:1      | Harunobu the Gargoyle Gladiator began the quest for the
                  | Orb.
     0 | D:1      | Reached XP level 1. HP: 12/12 MP: 1/1
   195 | D:1      | Reached XP level 2. HP: 18/18 MP: 2/2
   525 | D:1      | Reached XP level 3. HP: 22/22 MP: 3/3
  1564 | D:3      | Identified the orb of the Evening Star {mayhem, Dex+4}
  1658 | D:3      | Reached XP level 4. HP: 22/27 MP: 4/4
  2662 | D:4      | Reached XP level 5. HP: 25/32 MP: 5/5
  2780 | D:4      | Found a hide-covered altar of Uskayaw.
  2947 | D:4      | Found a staircase to the Ecumenical Temple.
  2997 | Temple   | Entered the Ecumenical Temple
  3006 | Temple   | Became a worshipper of Warmaster Okawaru
  3025 | D:5      | Entered Level 5 of the Dungeon
  3122 | D:4      | Found a basalt altar of Yredelemnul.
  3141 | D:4      | Reached skill level 4 in Maces & Flails
  3408 | D:4      | Noticed an ogre
  3416 | D:4      | Slain by an ogre

Illustrated notes

Levels and vault maps discovered:
D:1:      nzn_arrival_settlement, layout_loops_ring, st_stairs_5,
          bh_walls_and_bars
D:2:      layout_loops_ring
D:3:      layout_basic, minmay_misc_feat_more_columns, roderic_batcave
D:4:      layout_basic, mainiacjoe_overflow_tiny_flanked,
          mainiacjoe_overflow_alcove_4, minmay_temple_entry_large_hall,
          nrook_campfire, kennysheep_generic_room_14
D:5:      layout_loops_corners, cheibriados_altar_1
Temple:   cyrus_circular_temple

Skill      XL: |  1  2  3  4  5 |
---------------+----------------+-----
Throwing       | 2 |  2.9
Fighting       | 3 |  3.6
Dodging        | 3 |  3.3
Maces & Flails | 4 |  4.0

Action                     |  1- 3 |  4- 6 || total
---------------------------+-------+-------++-------
  Melee: Whip              |   104 |   119 ||   223
         Flail             |    12 |       ||    12
         Punch             |       |     1 ||     1
 Armour: Leather armour    |    28 |       ||    28
         Scale mail        |    12 |    62 ||    74
  Dodge: Dodged            |    76 |    76 ||   152

Table legend: (Time is in decaauts)
 A = Elapsed time spent in this place.
 B = Non-inter-level travel time spent in this place.
 C = Inter-level travel time spent in this place.
 D = Time resting spent in this place.
 E = Time spent auto-exploring this place.
 F = Levels seen in this place.
 G = Mean time per level.
                   A        B        C        D        E       F      G
               +--------+--------+--------+--------+--------+-----+--------+
         Total |   3403 |   3341 |     62 |    589 |   2103 |   6 |  567.2 |
       Dungeon |   3384 |   3330 |     54 |    589 |   2103 |   5 |  676.8 |
        Temple |     18 |     10 |      8 |      0 |      0 |   1 |   18.0 |
               +--------+--------+--------+--------+--------+-----+--------+

Top non-repeatable levels by time:
     D:3: 1073 daAuts
     D:1: 791 daAuts
     D:2: 752 daAuts
     D:4: 741 daAuts
     D:5: 26 daAuts
  Temple: 18 daAuts
